 Dungeon Crawl Stone Soup version 0.30-a0-218-gedb9141078 (webtiles) character file.

Game seed: 3786977768088793393

16908 Morbidden the Skirmisher (level 12, -6/92 HPs)
             Began as a Formicid Hunter on Oct 5, 2022.
             Was a High Priest of Cheibriados.
             Mangled by a stone giant (11 damage)
             ... in a volcano.
             The game lasted 00:24:44 (12655 turns).

Morbidden the Skirmisher (Formicid Hunter)         Turns: 12655, Time: 00:24:45

Health: -6/92      AC: 15    Str: 29    XL:     12   Next: 76%
Magic:  15/15      EV: 17    Int: 21    God:    Cheibriados [*****.]
Gold:   1106       SH:  0    Dex: 33    Spells: 11/11 levels left

rFire   + . .      SeeInvis +    a - +3 halberd (elec)
rCold   x . .      Faith    .    (no shield)
rNeg    . . .      Spirit   .    y - +0 plate armour
rPois   .          Reflect  .    (helmet unavailable)
rElec   .          Harm     .    m - scarf {repulsion}
rCorr   .          Rampage  .    d - +1 pair of gloves
Will    +....                    (no boots)
Stlth   ..........               (no amulet)
HPRegen 0.35/turn                l - +4 ring of evasion
MPRegen 0.14/turn                D - ring of fire

@: mighty, repel missiles, very slow
A: permanent stasis, dig shafts and tunnels, antennae 3, four strong arms
a: Dig, Renounce Religion, Bend Time, Temporal Distortion, Slouch, Step From
Time


You were in a volcano.
You worshipped Cheibriados.
Cheibriados was extremely pleased with you.
You visited 3 branches of the dungeon, and saw 14 of its levels.
You also visited: Bailey and Volcano.

You collected 1106 gold pieces.

Inventory:

Hand Weapons
 a - a +3 halberd of electrocution (weapon)
 b - a +0 vorpal shortbow
 n - a +2 scimitar of flaming
Missiles
 q - 3 boomerangs (quivered)
 B - a throwing net
Armour
 d - a +1 pair of gloves (worn)
 m - a scarf of repulsion (worn)
 y - a +0 plate armour (worn)
Jewellery
 l - a +4 ring of evasion (left hand)
 C - a ring of resist corrosion
 D - a ring of fire (right hand)
 I - the ring of Ecybiaq {rN+ Will+}
   (You found it on level 11 of the Dungeon)

   [ring of willpower]

   rN:        It protects you from negative energy.
   Will:      It increases your willpower.
Wands
 A - a wand of light (5)
 E - a wand of flame (5)
 G - a wand of digging (1)
Scrolls
 g - 2 scrolls of fear
 h - 2 scrolls of immolation
 i - 2 scrolls of identify
 p - 3 scrolls of enchant armour
 H - a scroll of torment
 J - a scroll of poison
Potions
 c - a potion of lignification
 e - 3 potions of mutation
 j - 3 potions of brilliance
 k - 4 potions of curing
 o - 2 potions of cancellation
 r - a potion of heal wounds
 s - 3 potions of flight
 t - 4 potions of haste
 u - 2 potions of magic
 w - a potion of invisibility
 x - 2 potions of might
 z - a potion of ambrosia


   Skills:
 * Level 8.0 Fighting
 + Level 1.4 Long Blades
 * Level 3.2(5.7) Axes
 + Level 6.2(6.6) Maces & Flails
 * Level 3.8(4.4) Polearms
 * Level 14.9 Ranged Weapons
 * Level 7.0 Armour
 * Level 5.9 Dodging
 + Level 2.0 Stealth
 * Level 4.4 Invocations
 + Level 0.4 Evocations


You had 11 spell levels left.
You didn't know any spells.
Your spell library contained the following spells:

 Spells                   Type           Power      Damage    Failure   Level
 Apportation              Tloc           0%         N/A       85%         1
 Necrotise                Necr           0%         1d4       85%         1
 Ozocubu's Armour         Ice            0%         N/A       99%         3
 Portal Projectile        Hex/Tloc       0%         N/A       99%         3
 Tukima's Dance           Hex            0%         N/A       99%         3
 Vampiric Draining        Necr           0%         2d6       99%         3
 Agony                    Necr           0%         N/A       100%        5
 Alistair's Intoxication  Tmut/Pois      0%         N/A       100%        5
 Blade Hands              Tmut           0%         N/A       100%        5
 Ozocubu's Refrigeration  Ice            0%         4d7       100%        7


Dungeon Overview and Level Annotations

Branches:
Dungeon (11/15)            Temple (1/1) D:7            Lair (2/5) D:10
 Spider (0/4) Lair:2          Orc (0/2) D:10         Bailey (visited)
Volcano (1/1)
  Swamp: Lair:2-3    Shoals: Lair:2-3

Altars:
Ashenzari
Cheibriados
Dithmenos
Elyvilon
Gozag
Hepliaklqana
Makhleb
Okawaru
Qazlal
Sif Muna
Uskayaw
Vehumet
Wu Jian
Xom
Zin
The Shining One
Jiyva

Annotations:
D:9 exclusion: ice statue
D:10 3 runed translucent doors, Jano's ghost, journeyman DjCj
D:11 2 runed translucent doors, Erolcha; Mandevil's ghost, journeyman TrEE
Lair:1 Fannar


Innate Abilities, Weirdness & Mutations

You cannot be hasted, slowed, berserked, paralysed or teleported.
You can dig through walls and to a lower floor.
You have a pair of large antennae on your head. (SInv)
Your four strong arms can wield two-handed weapons with a shield.


Message History

The air gets thick with the scent of sulphur.
In the distance, the volcano erupts with a roar.
Okay, then.
Unknown command.
You open the door.
A gargoyle comes into view. It is wielding a +0 mace.
The air gets thick with the scent of sulphur.
The gargoyle moves out of view.
A fire elemental and a stone giant come into view.
The stone giant shouts!
The gargoyle hurls a stone arrow at you.
The stone arrow misses you.
The fire elemental moves out of view.
There is an open door here.
Unknown command.
In the distance, the volcano erupts with a roar.
The gargoyle hurls a stone arrow at you.
The stone arrow is repelled.
A gargoyle comes into view. It is wielding a +0 mace.
The fire elemental barely misses you.
The stone giant is engulfed in blazing flames.
You feel very mighty all of a sudden.
You slash the stone giant!
The stone giant is moderately wounded.
The stone giant hits you!!
Unknown command.
You hit the stone giant but do no damage.
The stone giant is moderately wounded.
The stone giant barely misses you.
Unknown command.
You slice the stone giant!!
The stone giant is heavily wounded.
The stone giant hits you!! The stone giant hits you!!!
* * * LOW HITPOINT WARNING * * *
Unknown command.
Unknown command.
You impale the stone giant!!
Lightning courses through the stone giant!
The stone giant is almost dead.
The stone giant hits you!
You die...

#.....§≈≈§≈§§≈§§§≈...#
##...≈.§≈§≈§§≈§≈≈..###
###..≈≈§§§§§§§§§.§.#
##...≈§≈≈........#
#...≈≈§§......###
#....§§§.##...#
##......###8.8#
##....## ##.## ###..#
#@# #### #C# #E# #99
#..☼ #...C { +....°
#...... #....###


You could see a stone giant, a fire elemental and 2 gargoyles.

Vanquished Creatures
  Erica (D:9)
  A two-headed ogre (D:11)
  A boulder beetle (D:11)
  Lodul (D:11)
  A cyclops (D:11)
  A black mamba (Lair:2)
  A torpor snail (Lair:2)
  A gargoyle (D:7)
  3 komodo dragons (Lair:2)
  A troll (D:10)
  3 blink frogs (Lair:1)
  A hornet (D:8)
  A shadow (D:11)
  2 wraiths (D:10)
  2 wyverns
  10 yaks
  6 fire bats (Volcano)
  Grum (D:8)
  A basilisk (Lair:2)
  2 steam dragons
  An acid dragon (D:8)
  3 water moccasins
  2 orc warriors
  5 black bears
  2 ice beasts
  3 centaurs
  12 wolves
  7 ogres
  3 phantoms
  A kobold brigand (D:10)
  2 scorpions (D:5)
  2 bullfrogs
  A necrophage (D:4)
  13 wights
  3 killer bees (D:8)
  4 howler monkeys
  6 lava snakes (Volcano)
  A centaur zombie (D:4)
  A gnoll bouda (D:7)
  4 hounds
  A jelly (D:4)
  4 orc priests
  8 orc wizards
  3 iguanas
  4 scorpion zombies (D:4)
  4 hound zombies (D:4)
  A hound skeleton (D:4)
  22 gnolls
  2 adders
  A shadow imp (D:6)
  2 ufetubi (D:5)
  An adder skeleton (D:4)
  An adder zombie (D:4)
  A worm (D:4)
  4 dart slugs
  39 orcs
  11 ball pythons
  10 endoplasms
  6 giant cockroaches
  9 goblins
  5 hobgoblins
  6 jackals
  2 quokkas
  5 bats
  4 frilled lizards
  12 kobolds
  7 rats
292 creatures vanquished.

Vanquished Creatures (others)
  11 fungi
  6 plants
17 creatures vanquished.

Grand Total: 309 creatures vanquished

Notes
Turn   | Place    | Note
-------+----------+-------------------------------------------
     0 | D:1      | Morbidden the Formicid Hunter began the quest for the Orb.
     0 | D:1      | Reached XP level 1. HP: 16/16 MP: 1/1
    79 | D:1      | Reached XP level 2. HP: 22/22 MP: 2/2
   292 | D:1      | Reached XP level 3. HP: 27/27 MP: 3/3
   333 | D:1      | Found a faded altar of an unknown god.
   896 | D:2      | Found a shimmering altar of Xom.
  1061 | D:2      | Reached XP level 4. HP: 34/34 MP: 4/4
  1066 | D:2      | Reached skill level 5 in Ranged Weapons
  1729 | D:3      | Reached skill level 1 in Armour
  1731 | D:3      | Reached XP level 5. HP: 39/39 MP: 5/5
  2220 | D:3      | Found a hide-covered altar of Uskayaw.
  2402 | D:3      | Reached XP level 6. HP: 30/47 MP: 6/6
  2593 | D:4      | Reached skill level 1 in Maces & Flails
  2598 | D:4      | Reached skill level 6 in Ranged Weapons
  2703 | D:4      | Found a radiant altar of Vehumet.
  2757 | D:4      | Reached XP level 7. HP: 52/52 MP: 7/7
  2834 | D:4      | Found a white marble altar of Elyvilon.
  2912 | D:4      | Found a broken altar of Ashenzari.
  3106 | D:4      | Reached skill level 7 in Ranged Weapons
  3140 | D:4      | Reached XP level 8. HP: 55/60 MP: 8/8
  3718 | D:5      | Entered Level 5 of the Dungeon
  3733 | D:5      | Found a shimmering blue altar of Sif Muna.
  4005 | D:5      | Reached skill level 8 in Ranged Weapons
  4516 | D:5      | Found a hazy altar of Hepliaklqana.
  4637 | D:6      | Found a shimmering altar of Xom.
  4758 | D:6      | Found an iron altar of Okawaru.
  4762 | D:6      | Found a snail-covered altar of Cheibriados.
  4762 | D:6      | Found a glowing golden altar of the Shining One.
  4762 | D:6      | Found a burning altar of Makhleb.
  4768 | D:6      | Found an ornate altar of the Wu Jian Council.
  4768 | D:6      | Found a shadowy altar of Dithmenos.
  4773 | D:6      | Reached XP level 9. HP: 58/67 MP: 9/9
  4795 | D:6      | Became a worshipper of Cheibriados the Contemplative
  4853 | D:6      | Reached skill level 5 in Fighting
  5333 | D:7      | Reached skill level 1 in Invocations
  5385 | D:7      | Found a flagged portal.
  5419 | Bailey   | Entered a bailey
  6025 | Bailey   | Reached * piety under Cheibriados
  6275 | Bailey   | Reached skill level 5 in Armour
  6469 | Bailey   | Reached skill level 14 in Ranged Weapons
  6469 | Bailey   | Reached XP level 10. HP: 69/69 MP: 11/11
  6519 | D:7      | Found a staircase to the Ecumenical Temple.
  6706 | D:7      | Noticed a gargoyle
  6715 | D:7      | Killed a gargoyle
  7021 | D:7      | You fall into a shaft and drop 1 floor!
  7304 | D:8      | Reached ** piety under Cheibriados
  7529 | D:8      | Reached skill level 1 in Axes
  7635 | D:8      | Reached XP level 11. HP: 66/77 MP: 12/12
  7637 | D:8      | Noticed Grum
  7679 | D:8      | Killed Grum
  7921 | D:8      | Reached skill level 5 in Maces & Flails
  7990 | D:8      | Reached *** piety under Cheibriados
  8674 | D:7      | Found a stormy altar of Qazlal.
  8729 | Temple   | Entered the Ecumenical Temple
  9277 | D:9      | Identified the +0 rapier of Midsummer {vorpal, rC+ rCorr}
  9294 | D:9      | Noticed Erica
  9305 | D:9      | Killed Erica
 10013 | D:9      | Identified the +1 sling of Afrycen {vorpal, rC+ rCorr}
 10063 | D:10     | Entered Level 10 of the Dungeon
 10195 | D:10     | Found a glowing silver altar of Zin.
 10228 | D:10     | Found a staircase to the Orcish Mines.
 10292 | D:10     | Reached **** piety under Cheibriados
 10451 | D:10     | Found an opulent altar of Gozag.
 10532 | D:10     | Found a runed translucent gate.
 10532 | D:10     | Found a runed translucent gate.
 10533 | D:10     | Found a runed translucent gate.
 10536 | D:10     | Noticed Jano's ghost (journeyman DjCj)
 10536 | D:10     | Noticed a great orb of eyes
 10755 | D:10     | Found a staircase to the Lair.
 10999 | D:10     | Found a viscous altar of Jiyva.
 11045 | D:11     | Found a runed translucent door.
 11045 | D:11     | Noticed a death drake
 11046 | D:11     | Noticed a lich
 11046 | D:11     | Noticed a deep elf pyromancer
 11046 | D:11     | a death drake changed into a fire crab
 11046 | D:11     | Noticed a fire crab (glowing shapeshifter)
 11046 | D:11     | Noticed Mandevil's ghost (journeyman TrEE)
 11047 | D:11     | Noticed a necromancer
 11048 | D:11     | a slime creature changed into a bunyip
 11048 | D:11     | Noticed a bunyip (glowing shapeshifter)
 11049 | D:11     | a bunyip changed into a boulder beetle
 11049 | D:11     | Noticed a boulder beetle (glowing shapeshifter)
 11051 | D:11     | a boulder beetle changed into a shock serpent
 11051 | D:11     | Noticed a shock serpent (glowing shapeshifter)
 11052 | D:11     | Found the +8 trishula "Condemnation" {holy, anguish, *Noise
                  | Fly rN+}
 11053 | D:11     | Found a runed translucent door.
 11055 | D:11     | a shock serpent changed into a swamp worm
 11057 | D:11     | a swamp worm changed into a swamp dragon
 11057 | D:11     | Noticed a swamp dragon (glowing shapeshifter)
 11063 | D:11     | a swamp dragon changed into a water nymph
 11064 | D:11     | a water nymph changed into a mana viper
 11064 | D:11     | Noticed a mana viper (glowing shapeshifter)
 11065 | D:11     | Noticed Lodul
 11072 | D:11     | a mana viper changed into a floating eye
 11073 | D:11     | a floating eye changed into an elephant
 11073 | D:11     | Noticed an elephant (glowing shapeshifter)
 11074 | D:11     | an elephant changed into a floating eye
 11084 | D:11     | Killed Lodul
 11085 | D:11     | Reached skill level 1 in Long Blades
 11092 | D:11     | a floating eye changed into a wolf spider
 11092 | D:11     | Noticed a wolf spider (glowing shapeshifter)
 11094 | D:11     | a wolf spider changed into a snapping turtle
 11097 | D:11     | a snapping turtle changed into a moth of wrath
 11097 | D:11     | Noticed a moth of wrath (glowing shapeshifter)
 11098 | D:11     | Reached skill level 1 in Polearms
 11098 | D:11     | a moth of wrath changed into a cyclops
 11098 | D:11     | Noticed a cyclops (glowing shapeshifter)
 11105 | D:11     | a cyclops changed into a shining eye
 11105 | D:11     | Noticed a shining eye (glowing shapeshifter)
 11107 | D:11     | a shining eye changed into a swamp worm
 11112 | D:11     | a swamp worm changed into a glowing orange brain
 11112 | D:11     | Noticed a glowing orange brain (glowing shapeshifter)
 11138 | D:11     | Noticed a two-headed ogre
 11147 | D:11     | a queen bee changed into an elephant
 11147 | D:11     | Noticed an elephant (glowing shapeshifter)
 11148 | D:11     | Killed a two-headed ogre
 11148 | D:11     | an elephant changed into a swamp dragon
 11148 | D:11     | Noticed a swamp dragon (glowing shapeshifter)
 11149 | D:11     | Reached skill level 5 in Dodging
 11149 | D:11     | Reached XP level 12. HP: 57/91 MP: 14/14
 11149 | D:11     | a swamp dragon changed into an eye of devastation
 11158 | D:11     | a faun changed into a fire crab
 11158 | D:11     | Noticed a fire crab (glowing shapeshifter)
 11160 | D:11     | a fire crab changed into a troll
 11275 | D:11     | Identified the ring of Ecybiaq {rN+ Will+}
 11392 | D:11     | Noticed a boulder beetle
 11417 | D:11     | Killed a boulder beetle
 11635 | D:11     | Noticed Erolcha
 11729 | Lair:1   | Entered Level 1 of the Lair of Beasts
 12091 | Lair:1   | Noticed Fannar
 12100 | Lair:1   | You fall into a shaft and drop 1 floor!
 12125 | Lair:2   | Found a hole to the Spider Nest.
 12125 | Lair:2   | Noticed an orb spider
 12186 | Lair:2   | Reached ***** piety under Cheibriados
 12344 | Lair:2   | Found a dark tunnel.
 12349 | Volcano  | Entered a volcano
 12647 | Volcano  | Noticed a stone giant
 12654 | Volcano  | HP: 4/92 [stone giant (36)]
 12655 | Volcano  | Mangled by a stone giant

Illustrated notes

Levels and vault maps discovered:
D:1:      scummos_arrival_hexagon, layout_loops_ring, basic_ecumenical_altar,
          chequers_decorated_corner
D:2:      layout_basic, basic_altar
D:3:      layout_basic, eat_drink_and_be_merry_uskayaw
D:4:      layout_loops_ring, cheibrodos_ashenzari_chains,
          mainiacjoe_overflow_catwalk, mainiacjoe_overflow_brackets,
          serial_undead, serial_undead_e, serial_undead_a, serial_undead_a,
          serial_undead_e
D:5:      layout_cave_pools, nicolae_overflow_hidden_temple,
          general_overflow_altar
D:6:      layout_rooms, mainiacjoe_overflow_boulevard,
          minmay_overflow_temple_hex
D:7:      layout_basic, kennysheep_little_box, minmay_temple_entry_sparse_star,
          enter_bailey_3, serial_curves, eino_curves_03, eino_curves_02
D:8:      layout_rooms, chequers_arboretum, palyth_stone_intersect,
          grunt_ogre_cave, uniq_grum
D:9:      layout_rooms, minivault_15, uniq_erica
D:10:     layout_loops_ring, pdpol_temple_overflow_zin_treasury_gozag_greed,
          lair_entry_dummy, orc_0_dummy, gammafunk_ghost_ooze,
          minmay_misc_feat_cross
D:11:     layout_roguey, muffindrake_ghost_dual_entry, uniq_lodul, uniq_erolcha
Temple:   hellmonk_temple_flake
Lair:1:   layout_regular_city, uniq_fannar
Lair:2:   layout_loops_ring, nicolae_spider_entry_orb_guardian, enter_volcano_4,
          beast_lair_carwin_4
Volcano:  volcano_grotto [vgs_statue_spotlight]

Skill      XL: |  1  2  3  4  5  6  7  8  9 10 11 12 |
---------------+-------------------------------------+-----
Dodging        | 2 3 4 5 |  5.9
Ranged Weapons | 5 6 7 8 14 | 14.9
Armour         | 1 2 3 4 5 6 7 |  7.0
Fighting       | 3 4 5 7 8 |  8.0
Maces & Flails | 1 2 3 4 5 6 |  6.2
Invocations    | 1 2 3 4 |  4.4
Axes           | 1 2 3 |  3.2
Long Blades    | 1 |  1.4
Polearms       | 1 3 |  3.8
Stealth        | 2 |  2.0
Evocations     | |  0.4

Action                   |  1- 3 |  4- 6 |  7- 9 | 10-12 || total
-------------------------+-------+-------+-------+-------++-------
Melee: Demon whip        |    13 |    18 |   136 |   293 ||   460
       Punch             |       |       |     3 |     4 ||     7
       Halberd           |       |       |       |   100 ||   100
 Fire: Shortbow          |    87 |    95 |   187 |   181 ||   550
Throw: Boomerang         |       |       |       |     2 ||     2
 Abil: Dig               |     2 |       |       |       ||     2
       Shaft Self        |       |       |       |     2 ||     2
Evoke: Wand              |       |       |       |     8 ||     8
  Use: Scroll            |       |       |    13 |    14 ||    27
       Potion            |       |       |     4 |     9 ||    13
 Stab: Sleeping          |     1 |       |       |       ||     1
       Invisible         |       |       |       |     7 ||     7
Armor: Leather armour    |    13 |       |       |       ||    13
       Chain mail        |     8 |    28 |   162 |       ||   198
       Skin              |       |       |     2 |     5 ||     7
       Plate armour      |       |       |       |   188 ||   188
Dodge: Dodged            |    36 |    26 |   155 |   392 ||   609
       Repelled          |     1 |       |     1 |    11 ||    13

Table legend: (Time is in decaauts)
 A = Elapsed time spent in this place.
 B = Non-inter-level travel time spent in this place.
 C = Inter-level travel time spent in this place.
 D = Time resting spent in this place.
 E = Time spent auto-exploring this place.
 F = Levels seen in this place.
 G = Mean time per level.
                   A        B        C        D        E       F      G
               +--------+--------+--------+--------+--------+-----+--------+
         Total |  14926 |  14286 |    640 |   2861 |   8348 |  16 |  932.9 |
       Dungeon |  12518 |  11878 |    640 |   2163 |   7630 |  11 | 1138.0 |
        Temple |      1 |      1 |      0 |      0 |      0 |   1 |    1.0 |
          Lair |    845 |    845 |      0 |      0 |    346 |   2 |  422.5 |
        Bailey |   1151 |   1151 |      0 |    584 |    259 |   1 | 1151.0 |
       Volcano |    410 |    410 |      0 |    113 |    111 |   1 |  410.0 |
               +--------+--------+--------+--------+--------+-----+--------+

Top non-repeatable levels by time:
     D:8: 1709 daAuts
     D:9: 1616 daAuts
    D:10: 1475 daAuts
     D:7: 1376 daAuts
     D:4: 1203 daAuts
  Bailey: 1151 daAuts
     D:2: 953 daAuts
     D:5: 886 daAuts
     D:3: 883 daAuts
     D:1: 836 daAuts
    D:11: 799 daAuts
     D:6: 778 daAuts
  Lair:1: 454 daAuts
 Volcano: 410 daAuts
  Lair:2: 391 daAuts
